 Dungeon Crawl Stone Soup version 0.30-a0-802-gb92711bcdf (webtiles) character file.

Game seed: 16020302007228543235

15861 Jeffwins the Skirmisher (level 12, -5/86 HPs)
             Began as a Human Wanderer on Feb 24, 2023.
             Was an Elder of Vehumet.
             Killed from afar by an ice statue (29 damage)
             ... with a shard of ice
             ... in an ice cave.
             The game lasted 00:21:18 (11550 turns).

Jeffwins the Skirmisher (Human Wanderer)           Turns: 11550, Time: 00:21:18

Health: -5/86      AC: 10    Str:  8    XL:     12   Next: 62%
Magic:  9/22       EV: 11    Int: 16    God:    Vehumet [****..]
Gold:   539        SH:  0    Dex: 25    Spells: 1/25 levels left

rFire   . . .      SeeInvis +    b - +2 sling (elec)
rCold   . . .      Faith    .    (no shield)
rNeg    + . .      Spirit   .    p - +0 steam dragon scales
rPois   .          Reflect  .    i - +2 helmet {SInv}
rElec   .          Harm     .    s - +1 cloak
rCorr   .          Rampage  .    (no gloves)
Will    .....                    (no boots)
Stlth   +++                      (no amulet)
HPRegen 0.34/turn                N - ring of positive energy
MPRegen 0.18/turn                X - +6 ring of dexterity

@: no status effects
A: no striking features
a: Renounce Religion


You were in an ice cave.
You worshipped Vehumet.
Vehumet was greatly pleased with you.
You visited 2 branches of the dungeon, and saw 12 of its levels.
You also visited: Ossuary, Bailey and Ice Cave.

You collected 589 gold pieces.
You spent 50 gold pieces at shops.


   Skills:
 - Level 5.0 Fighting
 - Level 2.0 Long Blades
 * Level 9.2 Ranged Weapons
 + Level 5.2 Throwing
 - Level 5.0 Stealth
 * Level 7.0 Spellcasting
 * Level 6.8 Conjurations
 * Level 6.9 Summonings
 * Level 7.0 Necromancy
 + Level 2.5 Transmutations
 + Level 2.4 Fire Magic
 + Level 0.4 Air Magic
 + Level 2.8 Poison Magic
 + Level 5.0 Evocations


You had one spell level left.
You knew the following spells:

 Your Spells              Type           Power      Damage    Failure   Level
b - Orb of Destruction    Conj           13%        9d7       80%         7
d - Animate Dead          Necr           28%        N/A       7%          4
h - Haunt                 Necr/Summ      14%        N/A       99%         7
m - Mephitic Cloud        Conj/Pois/Air  16%        N/A       2%          3
X - Ignite Poison         Fire/Tmut/Pois 14%        N/A       3%          3

Your spell library contained the following spells:

 Spells                   Type           Power      Damage    Failure   Level
 Airstrike                Air            3%         2d(1-17)  26%         4
 Poisonous Vapours        Pois/Air       20%        N/A       2%          2
 Cigotuvi's Dreadful Rot  Necr/Pois/Air  32%        N/A       4%          2
 Summon Guardian Golem    Hex/Summ       16%        N/A       9%          3
 Arcjolt                  Conj/Air       8%         1d18      21%         5
 Anguish                  Hex/Necr       8%         N/A       28%         4
 Vhi's Electric Charge    Tloc/Air       12%        N/A       34%         3
 Spellforged Servitor     Conj/Summ      13%        N/A       80%         7
 Enfeeble                 Hex            2%         N/A       100%        7
 Infestation              Necr           14%        N/A       100%        8
 Maxwell's Capacitive Co  Air            3%         ∞         100%        8

Inventory:

Hand Weapons
 a - a +0 longbow of freezing
 b - a +2 sling of electrocution (weapon)
 l - a +3 sling
 C - a +0 spectral quarterstaff
Missiles
 k - 18 poisoned darts
 q - 4 curare-tipped darts {=f}
Armour
 f - a +0 buckler
 i - a +2 helmet of see invisible (worn)
 n - +0 swamp dragon scales
 p - +0 steam dragon scales (worn)
 s - a +1 cloak (worn)
 B - a +3 leather armour of fire resistance
 I - an orb of mayhem
Magical Staves
 m - a staff of air
 R - a staff of conjuration {!a}
Jewellery
 N - a ring of positive energy (left hand)
 S - a +6 ring of strength
 X - a +6 ring of dexterity (right hand)
Wands
 r - a wand of flame (68)
 t - a wand of paralysis (9)
 w - a wand of iceblast (20)
 A - a wand of digging (3)
 H - a wand of mindburst (11)
 J - a wand of polymorph (7)
Scrolls
 d - a scroll of fear
 e - 3 scrolls of amnesia {unknown}
 g - a scroll of torment {unknown}
 h - a scroll of summoning
 j - 3 scrolls of vulnerability {!r}
 o - 3 scrolls of fog
 u - 6 scrolls of teleportation {@r4}
 x - a scroll of immolation {!r}
 y - a scroll of enchant armour
 L - 2 scrolls of blinking {unknown}
 P - a scroll of poison {!r}
Potions
 c - 5 potions of curing {@q1}
 z - a potion of mutation {unknown}
 D - 3 potions of cancellation {unknown}
 E - a potion of might
 F - 3 potions of resistance {unknown}
 G - 3 potions of flight {unknown}
 K - a potion of heal wounds {@q2}
 M - 3 potions of magic {unknown}
 O - a potion of brilliance {unknown}
 Q - 2 potions of lignification {unknown}

Dungeon Overview and Level Annotations

Branches:
Dungeon (11/15)            Temple (1/1) D:4            Lair (0/5) D:8
    Orc (0/2) D:10        Ossuary (visited)          Bailey (visited)
  IceCv (1/1)

Altars:
Ashenzari
Cheibriados
Dithmenos
Elyvilon
Fedhas
Gozag
Hepliaklqana
Kikubaaqudgha
Makhleb
Nemelex Xobeh
Okawaru
Qazlal
Ru
Sif Muna
Trog
Uskayaw
Vehumet
Wu Jian
Xom
Yredelemnul
Zin
The Shining One

Shops:
D:3 (   D:8 [

Annotations:
D:3 1 runed translucent door, Dittersdorf's ghost, amateur GrFi IceCv exclusion: ice statue

########
##.#..@.#
#####.....#..#
##..∩##..####..#
#∩..####..# ..#
#....# #..## ○#
#...####...# 8☼
##..####...## ○.
#...##...### ###
#..##...##


You could see an ice statue.


Message History

The ice beast disappears in a puff of smoke!
Really walk into that cloud of flame?
Okay, then.
Really walk into a travel-excluded area?
Casting: Ignite Poison (mildly dangerous; 3% risk of failure)
Confirm with . or Enter, or press ? or * to list all spells.
Aiming: Mephitic Cloud (mildly dangerous; 2% risk of failure)
Press: ? - help, Shift-Dir - straight line, f - ice statue
Aim: an ice statue (heavily damaged, not susceptible)
The ball explodes into a vile cloud!
The stinking cloud engulfs the ice statue but does no damage.
The ice statue is heavily damaged.
The ice statue gestures at you. The bolt of cold hits you!
* * * LOW HITPOINT WARNING * * *
Unknown command.
Casting: Mephitic Cloud (mildly dangerous; 2% risk of failure)
Confirm with . or Enter, or press ? or * to list all spells.
You ignite the poison in your surroundings!
The ice statue is engulfed in blazing flames.
Unknown command.
Fire: b) +2 sling (elec)
Press: ? - help, Q - select action, (/) - cycle Shift-Dir - straight line, f/p - ice statue
Aim: an ice statue (flame, severely damaged, 94% to hit)
You shoot a sling bullet. The sling bullet hits the ice statue.
The ice statue is severely damaged.
The ice statue is engulfed in blazing flames.
The ice statue gestures at you. The shard of ice hits you!!
You die...

Skill      XL: |  1  2  3  4  5  6  7  8  9 10 11 12 |
---------------+-------------------------------------+-----
Ranged Weapons | 3 4 5 6 7 8 9 |  9.2
Stealth        | 2 3 4 5 |  5.0
Throwing       | 1 2 3 4 5 |  5.2
Spellcasting   | 2 3 4 5 6 7 |  7.0
Evocations     | 1 2 3 4 5 |  5.0
Conjurations   | 2 3 5 6 |  6.8
Summonings     | 2 3 5 6 |  6.9
Necromancy     | 2 3 5 6 7 |  7.0
Poison Magic   | 2 |  2.8
Transmutations | 2 |  2.5
Fire Magic     | 2 |  2.4
Fighting       | |  5.0
Long Blades    | |  2.0
Air Magic      | |  0.4

Action                     |  1- 3 |  4- 6 |  7- 9 | 10-12 || total
---------------------------+-------+-------+-------+-------++-------
  Melee: Sling             |       |       |     6 |       ||     6
   Fire: Sling             |    66 |   157 |   366 |    23 ||   612
         Longbow           |       |       |     4 |   378 ||   382
  Throw: Dart              |       |       |     7 |    10 ||    17
   Cast: Animate Dead      |       |       |       |     2 ||     2
         Ignite Poison     |       |       |       |     6 ||     6
         Mephitic Cloud    |       |       |       |     6 ||     6
  Evoke: Wand              |       |       |    10 |     4 ||    14
    Use: Scroll            |       |     4 |     7 |     3 ||    14
         Potion            |       |     2 |     8 |     2 ||    12
 Armour: Robe              |     6 |    12 |       |       ||    18
         Leather armour    |       |    18 |   110 |       ||   128
         Steam dragon scal |       |       |     1 |    84 ||    85
  Dodge: Dodged            |    17 |    56 |   127 |   113 ||   313

Levels and vault maps discovered:
D:1:      wander_arrival_lonely_grave, layout_basic
D:2:      layout_loops_ring, basic_altar
D:3:      layout_basic, serial_shops, nicolae_shop_bloodbath_and_beyond,
          ebering_ghost_inner_flame, minmay_misc_feat_iff
D:4:      kennysheep_six_static_rooms, layout_loops_ring,
          minmay_temple_entry_stoned_glass, grunt_decor_junction
D:5:      layout_cave_pods, nicolae_ossuary_entry_monument, uniq_menkaure
D:6:      layout_loops_ring
D:7:      layout_loops_corners, mainiacjoe_overflow_divided_tiny, uniq_maggie,
          uniq_joseph
D:8:      layout_loops_ring, erik_lair_island, serial_shops,
          nicolae_square_shop, nrook_loot_triangle, nicolae_diode_basic,
          uniq_maurice
D:9:      layout_roguey, enter_bailey_8
D:10:     layout_stronghold, orc_0_dummy, dk_noncrumbling_4,
          david_defended_altar_orc
D:11:     layout_rooms, serial_demonic, serial_demonic_a, serial_demonic_d,
          serial_demonic_d, serial_demonic_f, portal_ice_cave_entry_imps
Temple:   nicolae_temple_slightly_damp_pantheon
IceCv:    ice_cave_caverns_03

Notes
Turn   | Place    | Note
-------+----------+-------------------------------------------
     0 | D:1      | Jeffwins the Human Wanderer began the quest for the Orb.
     0 | D:1      | Jeffwins set off with the following items: a +3 sling, a +0
                  | falchion, a potion of curing {@q1}, a +0 robe.
     0 | D:1      | Reached XP level 1. HP: 21/21 MP: 1/1
   317 | D:1      | Reached XP level 2. HP: 27/27 MP: 2/2
   684 | D:2      | Found a hazy altar of Hepliaklqana.
   705 | D:2      | Reached XP level 3. HP: 33/33 MP: 3/3
   759 | D:2      | Reached skill level 3 in Ranged Weapons
   826 | D:2      | Reached skill level 2 in Stealth
  1224 | D:3      | Reached XP level 4. HP: 39/39 MP: 4/4
  1396 | D:3      | Found a runed translucent door.
  1399 | D:3      | Noticed Dittersdorf's ghost (amateur GrFi)
  1449 | D:3      | Reached skill level 4 in Ranged Weapons
  1449 | D:3      | Reached XP level 5. HP: 42/44 MP: 5/5
  1723 | D:3      | Reached skill level 3 in Stealth
  1832 | D:3      | Found Tucaf's Weapon Boutique.
  1840 | D:3      | Bought 3 curare-tipped darts for 50 gold pieces
  2225 | D:4      | Found a staircase to the Ecumenical Temple.
  2246 | Temple   | Entered the Ecumenical Temple
  2450 | Temple   | Became a worshipper of Vehumet
  2570 | D:4      | Reached XP level 6. HP: 51/51 MP: 6/6
  2816 | D:4      | Reached skill level 1 in Throwing
  2816 | D:4      | Reached skill level 1 in Spellcasting
  3084 | D:4      | Reached skill level 5 in Ranged Weapons
  3377 | D:5      | Entered Level 5 of the Dungeon
  3378 | D:5      | Noticed Menkaure
  3403 | D:5      | Noticed a water moccasin
  3419 | D:5      | Killed a water moccasin
  3420 | D:5      | Reached skill level 2 in Spellcasting
  3420 | D:5      | Reached XP level 7. HP: 27/56 MP: 8/10
  3569 | D:5      | Reached skill level 2 in Throwing
  3569 | D:5      | Reached skill level 4 in Stealth
  3569 | D:5      | Reached skill level 1 in Evocations
  3598 | D:5      | Found a sand-covered staircase.
  3624 | Ossuary  | Entered an ossuary
  3633 | Ossuary  | Learned a level 7 spell: Haunt
  3681 | Ossuary  | Reached * piety under Vehumet
  3681 | Ossuary  | Offered knowledge of Kiss of Death by Vehumet.
  3682 | Ossuary  | Reached XP level 8. HP: 62/62 MP: 12/12
  3876 | Ossuary  | Reached skill level 3 in Spellcasting
  4101 | Ossuary  | Reached skill level 6 in Ranged Weapons
  4101 | Ossuary  | Reached skill level 1 in Conjurations
  4101 | Ossuary  | Reached skill level 1 in Summonings
  4101 | Ossuary  | Reached skill level 1 in Necromancy
  4660 | D:5      | Killed Menkaure
  4661 | D:5      | Reached skill level 2 in Evocations
  4765 | D:5      | Reached skill level 2 in Summonings
  4765 | D:5      | Reached skill level 2 in Necromancy
  5214 | D:6      | Reached skill level 2 in Conjurations
  5214 | D:6      | Reached XP level 9. HP: 64/68 MP: 14/14
  5284 | D:6      | Reached ** piety under Vehumet
  5292 | D:6      | Offered knowledge of Momentum Strike by Vehumet.
  5293 | D:6      | Reached skill level 3 in Throwing
  5542 | D:6      | Reached skill level 4 in Spellcasting
  5612 | D:6      | Reached skill level 3 in Summonings
  5612 | D:6      | Reached skill level 3 in Necromancy
  5813 | D:6      | Paralysed by an orc warrior for 4 turns
  5825 | D:6      | Reached skill level 5 in Stealth
  5825 | D:6      | Reached skill level 3 in Conjurations
  6043 | D:6      | HP: 5/68 [poisoned by a kobold brigand (curare-tipped
                  | dart)]
  6925 | D:7      | Identified a scroll of acquirement
  6927 | D:7      | Acquired a +0 longbow of freezing
  6967 | D:7      | Found a stormy altar of Qazlal.
  6968 | D:7      | Found a basalt altar of Yredelemnul.
  6980 | D:7      | Noticed Maggie
  6992 | D:7      | Killed Maggie
  6993 | D:7      | Reached skill level 7 in Ranged Weapons
  6993 | D:7      | Reached skill level 3 in Evocations
  6993 | D:7      | Reached XP level 10. HP: 25/74 MP: 16/16
  7170 | D:7      | Reached skill level 4 in Necromancy
  7199 | D:7      | Reached skill level 4 in Summonings
  7302 | D:7      | Noticed Joseph
  7372 | D:7      | Paralysed by Joseph for 2 turns
  7385 | D:7      | Killed Joseph
  7386 | D:7      | Reached skill level 4 in Conjurations
  7570 | D:7      | Offered knowledge of Ignite Poison by Vehumet.
  7571 | D:7      | Reached skill level 5 in Spellcasting
  7738 | D:7      | Learned a level 3 spell: Ignite Poison
  7743 | D:7      | Learned a level 4 spell: Animate Dead
  8106 | D:8      | Reached *** piety under Vehumet
  8114 | D:8      | Reached skill level 4 in Throwing
  8170 | D:8      | Offered knowledge of Dazzling Flash by Vehumet.
  8485 | D:8      | Found Noreczo's Antique Armour Boutique.
  8658 | D:8      | Reached skill level 5 in Necromancy
  8715 | D:8      | Found a staircase to the Lair.
  8827 | D:8      | Noticed Maurice
  8836 | D:8      | Killed Maurice
  8837 | D:8      | Reached skill level 5 in Summonings
  9015 | D:8      | Found a transporter.
  9074 | D:9      | Reached skill level 8 in Ranged Weapons
  9074 | D:9      | Reached skill level 5 in Conjurations
  9074 | D:9      | Reached XP level 11. HP: 75/79 MP: 19/19
  9089 | D:9      | Found a flagged portal.
  9098 | Bailey   | Entered a bailey
  9105 | Bailey   | Noticed an orc warlord
  9168 | Bailey   | Reached skill level 4 in Evocations
  9183 | Bailey   | Found a runed translucent gate.
  9186 | Bailey   | Found a runed translucent gate.
  9188 | Bailey   | Found a runed translucent gate.
  9194 | Bailey   | Reached **** piety under Vehumet
  9544 | Bailey   | Killed an orc warlord
  9545 | Bailey   | Reached skill level 6 in Spellcasting
  9545 | Bailey   | Reached skill level 1 in Poison Magic
  9591 | Bailey   | Identified the +2 great mace "Tejir" {venom, rC+}
  9601 | Bailey   | Reached skill level 5 in Throwing
  9601 | Bailey   | Reached skill level 6 in Conjurations
  9601 | Bailey   | Reached skill level 6 in Summonings
  9601 | Bailey   | Reached skill level 6 in Necromancy
  9601 | Bailey   | Reached skill level 2 in Transmutations
  9601 | Bailey   | Reached skill level 2 in Fire Magic
  9601 | Bailey   | Reached skill level 2 in Poison Magic
  9601 | Bailey   | Reached XP level 12. HP: 86/86 MP: 20/22
  9610 | Bailey   | Learned a level 7 spell: Orb of Destruction
  9959 | D:9      | Reached skill level 9 in Ranged Weapons
 10024 | D:9      | Noticed a two-headed ogre
 10028 | D:9      | Killed a two-headed ogre
 10131 | D:9      | Learned a level 3 spell: Mephitic Cloud
 10288 | D:10     | Entered Level 10 of the Dungeon
 10288 | D:10     | Found a staircase to the Orcish Mines.
 10782 | D:10     | Offered knowledge of Airstrike by Vehumet.
 10785 | D:10     | Reached skill level 7 in Necromancy
 11289 | D:11     | Found a frozen archway.
 11309 | D:11     | Reached skill level 7 in Spellcasting
 11309 | D:11     | Reached skill level 5 in Evocations
 11455 | IceCv    | Entered an ice cave
 11550 | IceCv    | Killed from afar by an ice statue

Vanquished Creatures
  An orc warlord (Bailey)
  A two-headed ogre (D:9)
  Maurice (D:8)
  Joseph (D:7)
  Maggie (D:7)
  2 trolls
  2 shadows
  A wyvern (D:10)
  4 yaks (D:9)
  A steam dragon (D:7)
  3 vampire mosquitoes (D:10)
  Menkaure (D:5)
  3 acid dragons
  A water moccasin (D:5)
  9 orc warriors
  A sky beast (D:7)
  3 black bears
  A phantom (D:4)
  5 centaurs
  2 kobold brigands
  4 bullfrogs
  A gnoll sergeant (D:10)
  9 wights
  5 killer bees
  3 howler monkeys (D:9)
  A jelly (D:6)
  2 centaur zombies (Ossuary)
  11 hounds
  10 orc priests
  3 human zombies (Ossuary)
  2 gnoll boudas (D:8)
  4 iguanas
  9 orc wizards
  A spriggan simulacrum (IceCv)
  5 mummies (Ossuary)
  9 adders
  12 gnolls
  A naga simulacrum (IceCv)
  A shadow imp (D:4)
  14 white imps
  3 ufetubi
  2 worms (D:4)
  4 dart slugs
  39 orcs
  4 endoplasms
  8 giant cockroaches
  7 goblins
  6 hobgoblins
  6 jackals
  5 quokkas
  7 ball pythons
  3 bats
  2 frilled lizards
  2 hobgoblin zombies (Ossuary)
  20 kobolds
  A kobold zombie (Ossuary)
  3 rats
273 creatures vanquished.

Vanquished Creatures (collateral kills)
  A centaur (D:5)
  A phantom (D:5)
  A jelly (D:5)
  An iguana (D:5)
4 creatures vanquished.

Vanquished Creatures (others)
  An orc wizard (D:9)
  An orc zombie (D:9)
2 creatures vanquished.

Grand Total: 279 creatures vanquished

Table legend: (Time is in decaauts)
 A = Elapsed time spent in this place.
 B = Non-inter-level travel time spent in this place.
 C = Inter-level travel time spent in this place.
 D = Time resting spent in this place.
 E = Time spent auto-exploring this place.
 F = Levels seen in this place.
 G = Mean time per level.
                   A        B        C        D        E       F      G
               +--------+--------+--------+--------+--------+-----+--------+
         Total |  11778 |  11363 |    415 |    985 |   8048 |  15 |  785.2 |
       Dungeon |  10331 |   9969 |    362 |    765 |   7440 |  11 |  939.2 |
        Temple |    223 |    170 |     53 |      0 |    147 |   1 |  223.0 |
       Ossuary |    596 |    596 |      0 |    103 |    294 |   1 |  596.0 |
        Bailey |    532 |    532 |      0 |    102 |    156 |   1 |  532.0 |
      Ice Cave |     94 |     94 |      0 |     15 |     10 |   1 |   94.0 |
               +--------+--------+--------+--------+--------+-----+--------+

Top non-repeatable levels by time:
     D:7: 1599 daAuts
     D:6: 1428 daAuts
     D:5: 1226 daAuts
     D:4: 1035 daAuts
    D:10: 1009 daAuts
     D:3: 959 daAuts
     D:8: 925 daAuts
     D:9: 751 daAuts
     D:1: 672 daAuts
 Ossuary: 596 daAuts
     D:2: 553 daAuts
  Bailey: 532 daAuts
  Temple: 223 daAuts
    D:11: 169 daAuts
   IceCv: 94 daAuts

Table legend:
 A = Non-vault XP
 B = Vault XP
 C = Vault XP percentage of total XP
 D = Non-vault monster count
 E = Vault monster count
 F = Vault count percentage of total count
                 A         B        C        D         E       F
            +---------+---------+-------+---------+---------+-------
      Total |    9307 |    4609 |  33.1 |     210 |      68 |  24.5
            +---------+---------+-------+---------+---------+-------
        D:1 |      23 |       0 |   0.0 |      15 |       0 |   0.0
        D:2 |      44 |       0 |   0.0 |      16 |       0 |   0.0
        D:3 |     128 |       0 |   0.0 |      24 |       0 |   0.0
        D:4 |     202 |      84 |  29.4 |      15 |       6 |  28.6
        D:5 |     934 |     172 |  15.6 |      29 |       1 |   3.3
        D:6 |    1342 |       0 |   0.0 |      31 |       0 |   0.0
        D:7 |    1179 |     848 |  41.8 |      19 |       2 |   9.5
        D:8 |     985 |    1013 |  50.7 |      24 |       8 |  25.0
        D:9 |    2440 |       0 |   0.0 |      19 |       0 |   0.0
       D:10 |    1807 |     127 |   6.6 |      17 |       3 |  15.0
       D:11 |     223 |     124 |  35.7 |       1 |      12 |  92.3
    Ossuary |       0 |     307 | 100.0 |       0 |      13 | 100.0
     Bailey |       0 |    1871 | 100.0 |       0 |      19 | 100.0
      IceCv |       0 |      63 | 100.0 |       0 |       4 | 100.0
            +---------+---------+-------+---------+---------+-------
